 Dungeon Crawl Stone Soup version 0.25-b1-50-g7b83aa72e5 (webtiles) character file.

Game seed: 10625263399863114651

26 Hvast the Magician (level 3, -3/28 HPs)
             Began as a Hill Orc Wizard on June 12, 2020.
             Slain by a worm (6 damage)
             ... on level 2 of the Dungeon.
             The game lasted 00:05:25 (1176 turns).

Hvast the Magician (Hill Orc Wizard)                Turns: 1176, Time: 00:05:26

Health: -3/28      AC:  5    Str:  9    XL:     3   Next: 8%
Magic:  1/6        EV: 10    Int: 19    God:
Gold:   51         SH:  0    Dex:  9    Spells: 3/6 levels left

rFire    . . .     SeeInvis .   f - +0 dagger
rCold    . . .     Gourm    .   (no shield)
rNeg     . . .     Faith    .   k - +0 ring mail
rPois    .         Spirit   .   b - +0 hat
rElec    .         Reflect  .   (no cloak)
rCorr    .         Harm     .   (no gloves)
MR       .....                  (no boots)
Stlth    +.........             (no amulet)
HPRegen  0.09/turn              (no ring)
MPRegen  0.10/turn              (no ring)

@: no status effects
A: no striking features
a: no special abilities


You were on level 2 of the Dungeon.
You were not hungry.

You visited 1 branch of the dungeon, and saw 2 of its levels.

You collected 51 gold pieces.

Inventory:

Hand Weapons
 f - a +0 dagger (weapon)
Armour
 a - a +0 robe
 b - a +0 hat (worn)
 k - a +0 ring mail (worn)
Scrolls
 e - a scroll of remove curse {unknown}
 g - 3 scrolls of identify {unknown}
 h - a scroll of immolation {unknown}
 i - a scroll of random uselessness {unknown}
 l - a scroll of teleportation {unknown}
Potions
 c - a potion of ambrosia {unknown}
Comestibles
 d - 2 rations
 j - a chunk of flesh


   Skills:
 + Level 1.5 Fighting
 + Level 0.1 Armour
 - Level 1.5 Dodging
 - Level 1.5 Stealth
 - Level 2.4 Spellcasting
 * Level 2.4 Conjurations
   Level 1.0 Summonings
 - Level 0.7 Translocations


You had 3 spell levels left.
You knew the following spells:

 Your Spells              Type           Power        Failure   Level  Hunger
a - Magic Dart            Conj           ##..         17%         1    #......
b - Blink                 Tloc           N/A          45%         2    ##.....

Your spell library contained the following spells:

 Spells                   Type           Power        Failure   Level  Hunger
 Call Imp                 Summ           #.......     41%         2    ##.....
 Slow                     Hex            #.......     56%         2    ##.....
 Conjure Flame            Conj/Fire      #.......     63%         3    ###....
 Mephitic Cloud           Conj/Pois/Air  #.......     69%         3    ###....


Dungeon Overview and Level Annotations

Branches:
Dungeon (2/15)

Altars:

Annotations:
D:2 Natasha


Message History

Confirm with . or Enter, or press ? or * to list all spells.
Aiming: Magic Dart (safe; 17% risk of failure)
Press: ? - help, Shift-Dir - straight line, f/p - Natasha
Aim: Natasha (moderately wounded)
The magic dart hits Natasha but does no damage.
Natasha is moderately wounded.
Natasha claws you.
Natasha casts a spell.
Natasha closely misses you. The kobold hits you with a +0 dagger.
* * * LOW HITPOINT WARNING * * *
You hit the worm.
The worm is lightly wounded.
Natasha barely misses you. The shadow imp barely misses you.
The kobold hits you with a +0 dagger.
* * * LOW HITPOINT WARNING * * *
The worm bites you but does no damage. Natasha closely misses you.
The shadow imp hits you.
* * * LOW HITPOINT WARNING * * *
The worm bites you.
You die...

...........
..........#
..........#
..........#########
..........#........
..........#........
#§..§§....#........
#.....<...........
#§#..§...@w........
.§§§#...#hK5.......
#§# #...#.(.#######
§ #...#..?#
#.!.#...# #...#...#
#...##### ####


You could see a worm, Natasha, a shadow imp (summoned) and a kobold.

Vanquished Creatures
  An adder skeleton (D:2)
  A dart slug (D:1)
  A leopard gecko (D:1)
  A giant cockroach (D:1)
  2 goblins (D:1)
  5 hobgoblins (D:1)
  3 jackals (D:1)
  A bat (D:2)
  3 rats (D:1)
18 creatures vanquished.

Notes
Turn   | Place    | Note
-------+----------+-------------------------------------------
     0 | D:1      | Hvast the Hill Orc Wizard began the quest for the Orb.
     0 | D:1      | Reached XP level 1. HP: 14/14 MP: 3/3
   274 | D:1      | Reached XP level 2. HP: 14/22 MP: 0/5
   473 | D:1      | Reached skill level 1 in Fighting
   576 | D:1      | Learned a level 2 spell: Blink
  1156 | D:2      | Noticed Natasha
  1161 | D:2      | Reached XP level 3. HP: 28/28 MP: 3/6
  1176 | D:2      | Slain by a worm

Illustrated notes

Levels and vault maps discovered:
D:1:      minmay_arrival_split_and_join, layout_rooms
D:2:      layout_basic, corner_web_ring, grunt_dithmenos_smoke_and_mirrors,
          uniq_natasha, uniq_jessica

Skill      XL: |  1  2 |
---------------+-------+-----
Fighting       | 1 |  1.5
Conjurations   | 2 |  2.4
Armour         | |  0.1
Dodging        | |  1.5
Stealth        | |  1.5
Spellcasting   | |  2.4
Summonings     | |  1.0
Translocations | |  0.7

Action                   || total
-------------------------++-------
Melee: Dagger            ||    44
       Unarmed           ||     1
 Cast: Magic Dart        ||    38
  Eat: Chunk             ||     1
Armor: Robe              ||     8
       Ring mail         ||     3
Dodge: Dodged            ||    36
